 Dungeon Crawl Stone Soup version 0.21-a0-71-g5e5ddd2 (webtiles) character file.

2811 uglyjohn the Destroyer (level 9, -3/55 HPs)
             Began as a Deep Elf Wizard on June 19, 2017.
             Was a Follower of Vehumet.
             Shot with a sling bullet by Joseph (12 damage)
             ... on level 7 of the Dungeon.
             The game lasted 00:27:58 (9360 turns).

uglyjohn the Destroyer (Deep Elf Wizard)            Turns: 9360, Time: 00:27:58

Health: -3/55      AC:  8    Str:  4    XL:     9   Next: 44%
Magic:  14/27      EV: 13    Int: 27    God:    Vehumet [*.....]
Gold:   176        SH:  0    Dex: 17    Spells: 7/18 levels left

rFire    . . .     SeeInvis .   r - +3 dagger (protect)
rCold    . . .     Gourm    .   (no shield)
rNeg     . . .     Faith    .   a - +0 robe
rPois    .         Spirit   .   o - +0 helmet
rElec    .         Reflect  .   B - +0 cloak
rCorr    .         Harm     .   q - +0 pair of gloves
MR       .....                  y - +2 pair of boots {Fly}
Stlth    ++........             (no amulet)
HPRegen  0.18/turn              F - +4 ring of dexterity
MPRegen  0.20/turn              C - ring of magical power

@: about to teleport, flying
A: no striking features
a: Renounce Religion, Stop Flying


You were on level 7 of the Dungeon.
You worshipped Vehumet.
Vehumet was aware of your devotion.
You were not hungry.

You visited 2 branches of the dungeon, and saw 8 of its levels.

You collected 356 gold pieces.
You spent 180 gold pieces at shops.

Inventory:

Hand Weapons
 r - a +3 dagger of protection (weapon)
Armour
 a - a +0 robe (worn)
 o - a +0 helmet (worn)
 q - a +0 pair of gloves (worn)
 y - a +2 pair of boots of flying (worn)
 B - a +0 cloak (worn)
Jewellery
 x - an uncursed ring of protection from magic
 C - a ring of magical power (right hand)
 F - a +4 ring of dexterity (left hand)
Wands
 i - a wand of flame (0/48)
 A - a wand of flame (7/48)
 I - a wand of paralysis (8/24)
Scrolls
 e - 2 scrolls of fog {unknown}
 g - 5 scrolls of identify
 h - 2 scrolls of amnesia
 v - a scroll of silence {unknown}
 D - a scroll of enchant armour {unknown}
 E - a scroll of recharging {unknown}
 G - a scroll of remove curse
 H - a scroll of random uselessness {unknown}
Potions
 f - 4 potions of curing
 k - a potion of haste {unknown}
 l - 2 potions of berserk rage
 m - a potion of ambrosia {unknown}
 p - a potion of brilliance {unknown}
 s - 2 potions of might
 t - 2 potions of agility {unknown}
 w - a potion of degeneration {unknown}
 z - a potion of flight {unknown}
Books
 c - a book of Minor Magic

   Spells                             Type                      Level
   a - Magic Dart                     Conjuration                  1
   b - Blink                          Translocation                2
   c - Call Imp                       Summoning                    2
   d - Slow                           Hexes                        2
   e - Conjure Flame                  Conjuration/Fire             3
   f - Mephitic Cloud                 Conjuration/Poison/Air       3
Comestibles
 d - 7 bread rations


   Skills:
 - Level 5.7 Fighting
 - Level 2.4 Dodging
 - Level 2.4 Stealth
 - Level 5.0 Spellcasting
 - Level 10.0 Conjurations
 - Level 1.1 Summonings
 - Level 1.1 Translocations
 + Level 4.2 Fire Magic
 + Level 3.7 Air Magic


You had 7 spell levels left.
You knew the following spells:

 Your Spells              Type           Power        Failure   Level  Hunger
a - Magic Dart            Conj           ####         1%          1    None
b - Call Imp              Summ           ##......     7%          2    None
c - Mephitic Cloud        Conj/Pois/Air  ####....     3%          3    #......
d - Blink                 Tloc           N/A          7%          2    None
e - Conjure Flame         Conj/Fire      #####...     1%          3    #......


Dungeon Overview and Level Annotations

Branches:
Dungeon (7/15)             Temple (1/1) D:4

Altars:
Cheibriados
Dithmenos
Elyvilon
Fedhas
Gozag
Hepliaklqana
Kikubaaqudgha
Nemelex Xobeh
Okawaru
Qazlal
Ru
Sif Muna
Trog
Uskayaw
Vehumet
Wu Jian
Zin
The Shining One

Shops:
D:5 [

Annotations:
D:5 eyesnoeyes's ghost, novice MiFi
D:7 Joseph


Message History

Confirm with . or Enter, or press ? or * to list all spells.
Aiming: Magic Dart
Press: ? - help, Shift-Dir - straight line, f/p - hippogriff
Aim: a hippogriff (severely wounded)
The magic dart hits the hippogriff.
The hippogriff is severely wounded.
Joseph shoots a sling bullet.
The sling bullet closely misses your crimson imp.
The sling bullet barely misses you.
The sling bullet barely misses the hippogriff.
The hippogriff misses you.
The hippogriff pecks you but does no damage.
The hippogriff claws you.
* * * LOW HITPOINT WARNING * * *
Your crimson imp hits the hippogriff.
As you read the scroll of teleportation, it crumbles to dust.
You feel strangely unstable.
Joseph shoots a sling bullet.
The sling bullet closely misses your crimson imp.
The sling bullet hits you!
You die...

.##.........# #(##..# #.#
.##.........# #.##.## #.#
.##.........# #.##..# #.#
###.........###..#'#####.#####
#......(...##....# #.......#
#..........##.#### #..[....#
#...)......##.######.......#
#...........#..)...........#
#.........#.#H@.5...@......#
#.........#.#5.......#.#####
#.....(...#.#........#.########
#.........#.#........#.........
#.........#.#........##########
###########.#........#
#.#)######## #.#)# #...#


You could see Joseph, a hippogriff and 2 friendly crimson imps.

Vanquished Creatures
  Pikel (D:5)
  A spriggan (D:7)
  A hungry ghost (D:7)
  A sky beast (D:4)
  An ice beast (D:6)
  2 black bears (D:7)
  2 phantoms
  An ogre (D:7)
  A centaur (D:6)
  The ghost of uglyjohn the Insei, an amateur OpTm (D:3)
  2 bullfrogs
  A howler monkey (D:6)
  5 crimson imps
  A bullfrog zombie (D:3)
  3 hounds
  A bullfrog skeleton (D:6)
  A jelly (D:5)
  4 orc priests
  5 orc wizards
  Ijyb (D:3)
  3 iguanas
  Natasha (D:3)
  6 worker ants
  11 adders
  A shadow imp (D:7)
  2 oozes
  A worm (D:4)
  A dart slug (D:3)
  2 leopard geckos
  23 orcs
  A giant cockroach (D:2)
  7 goblins
  4 hobgoblins
  11 jackals
  14 kobolds
  2 quokkas (D:6)
  5 bats
  5 frilled lizards
  2 leopard gecko skeletons
  7 rats
145 creatures vanquished.

Vanquished Creatures (collateral kills)
  The ghost of Typerbomb the Caller, an amateur HuWn (D:4)
  A worker ant (D:4)
  A worm (D:3)
  A goblin (D:3)
  A hobgoblin (D:2)
  A frilled lizard (D:2)
  A kobold (D:2)
7 creatures vanquished.

Grand Total: 152 creatures vanquished

Notes
Turn   | Place    | Note
-------+----------+-------------------------------------------
     0 | D:1      | uglyjohn the Deep Elf Wizard began the quest for the Orb.
     0 | D:1      | Reached XP level 1. HP: 10/10 MP: 7/7
   233 | D:1      | Reached skill level 2 in Conjurations
   323 | D:1      | Reached XP level 2. HP: 15/15 MP: 3/9
  1090 | D:2      | Learned a level 2 spell: Blink
  1093 | D:2      | Learned a level 2 spell: Call Imp
  1292 | D:2      | Reached skill level 3 in Conjurations
  1304 | D:2      | Reached XP level 3. HP: 12/19 MP: 6/10
  1465 | D:2      | Learned a level 3 spell: Mephitic Cloud
  1977 | D:3      | Noticed uglyjohn's ghost (amateur OpTm)
  1988 | D:3      | Killed uglyjohn's ghost
  1988 | D:3      | Reached skill level 4 in Conjurations
  1988 | D:3      | Reached XP level 4. HP: 24/24 MP: 1/12
  2137 | D:3      | Reached skill level 5 in Conjurations
  2230 | D:3      | Reached XP level 5. HP: 10/28 MP: 0/13
  2601 | D:3      | Noticed Ijyb
  2624 | D:3      | Killed Ijyb
  2624 | D:3      | Reached skill level 6 in Conjurations
  2938 | D:3      | Noticed Natasha
  2946 | D:3      | Killed Natasha
  3096 | D:3      | Reached skill level 1 in Fighting
  3096 | D:3      | Reached XP level 6. HP: 26/34 MP: 3/14
  3453 | D:4      | Noticed Typerbomb's ghost (amateur HuWn)
  3464 | D:4      | Killed Typerbomb's ghost
  3484 | D:4      | Found a staircase to the Ecumenical Temple.
  3488 | D:4      | Reached skill level 7 in Conjurations
  3563 | D:4      | Noticed a sky beast
  3578 | D:4      | Killed a sky beast
  3657 | D:4      | Reached XP level 7. HP: 40/40 MP: 9/15
  4680 | D:5      | Entered Level 5 of the Dungeon
  4693 | D:5      | Reached skill level 8 in Conjurations
  4812 | D:5      | Found Wiuhaq's Antique Armour Shop.
  4914 | D:5      | Bought a pair of runed boots for 180 gold pieces
  5291 | D:5      | Noticed eyesnoeyes's ghost (novice MiFi)
  5442 | D:5      | Noticed Pikel
  5449 | D:5      | Found an iron altar of Okawaru.
  5457 | D:5      | Killed Pikel
  5457 | D:5      | Reached skill level 9 in Conjurations
  5457 | D:5      | Reached XP level 8. HP: 46/48 MP: 13/16
  5715 | D:6      | Reached skill level 5 in Fighting
  6398 | D:6      | Found a blossoming altar of Fedhas.
  6900 | Temple   | Entered the Ecumenical Temple
  6923 | Temple   | Became a worshipper of Vehumet
  7086 | D:6      | Noticed a two-headed ogre
  7431 | D:5      | Reached skill level 10 in Conjurations
  7868 | D:7      | Reached skill level 5 in Spellcasting
  7868 | D:7      | Reached XP level 9. HP: 55/55 MP: 13/18
  7901 | D:7      | Learned a level 3 spell: Conjure Flame
  8058 | D:7      | Reached skill level 1 in Fire Magic
  8154 | D:7      | Reached skill level 1 in Air Magic
  8670 | D:7      | Found a bloodstained altar of Trog.
  8686 | D:7      | Noticed Joseph
  8853 | D:6      | Reached * piety under Vehumet
  8853 | D:6      | Offered knowledge of Sting by Vehumet.
  9355 | D:7      | HP: 1/55 [hippogriff (8)]
  9360 | D:7      | Shot with a sling bullet by Joseph

Vault maps used:
D:1:      elethiomel_arrival_shortcut, minmay_pentomino_r4
D:2:      grunt_ministairs_8
D:3:      kennysheep_generic_room_7, uniq_natasha, uniq_ijyb
D:4:      minmay_temple_entry_enclosed_plants
D:5:      kennysheep_okawaru_gauntlet, first_bread, serial_shops,
          nicolae_shop_waterfront, uniq_pikel
D:6:      fedhas_bush_and_centaur_altar, moated_statue
D:7:      lemuel_zombie_altar_yredelemnul, trog_ov_bears_minmay, the_bakery,
          uniq_joseph
Temple:   eino_wide_crystal_templ

Skill      XL: |  1  2  3  4  5  6  7  8  9 |
---------------+----------------------------+-----
Conjurations   | 2 3 4 5 6 7 9 10 | 10.0
Fighting       | 1 2 4 5 |  5.7
Spellcasting   | 5 |  5.0
Fire Magic     | 4 |  4.2
Air Magic      | 3 |  3.7
Dodging        | |  2.4
Stealth        | |  2.4
Summonings     | |  1.1
Translocations | |  1.1

Action                   |  1- 3 |  4- 6 |  7- 9 || total
-------------------------+-------+-------+-------++-------
Melee: Dagger            |    15 |    25 |    57 ||    97
       Whip              |       |     1 |       ||     1
 Cast: Magic Dart        |    55 |    95 |   382 ||   532
       Call Imp          |     4 |     9 |     8 ||    21
       Mephitic Cloud    |       |     3 |    12 ||    15
Evoke: Wand              |       |       |    19 ||    19
  Use: Scroll            |       |     6 |     5 ||    11
       Potion            |       |       |     1 ||     1
 Stab: Sleeping          |     1 |     1 |       ||     2
       Confused          |       |       |     1 ||     1
  Eat: Chunk             |     3 |     5 |    11 ||    19
       Royal jelly       |       |       |     3 ||     3
       Meat ration       |       |       |     1 ||     1
       Fruit             |       |       |     1 ||     1
Armor: Robe              |     1 |    12 |    74 ||    87
Dodge: Dodged            |    18 |    34 |   129 ||   181
